 Dungeon Crawl Stone Soup version 0.27-a0-1140-g099f9bb0e8 (webtiles) character file.

Game seed: 6005235916254618352

56 toffzen the Cudgeller (level 3, -1/33 HPs)
             Began as a Draconian Berserker on May 8, 2021.
             Was a Believer of Trog.
             Splashed by a jelly's acid (8 damage)
             ... on level 2 of the Dungeon.
             The game lasted 00:01:29 (1520 turns).

toffzen the Cudgeller (Draconian Berserker)         Turns: 1520, Time: 00:01:29

Health: -1/33      AC: -2    Str: 19    XL:     3   Next: 71%
Magic:  3/3        EV: 12    Int:  7    God:    Trog [**....]
Gold:   90         SH:  0    Dex: 11    Spells: 2/2 levels left

rFire    . . .     SeeInvis .   a - +0 mace
rCold    . . .     Faith    .   (no shield)
rNeg     . . .     Spirit   .   (armour unavailable)
rPois    .         Reflect  .   (helmet restricted)
rElec    .         Harm     .   (no cloak)
rCorr    .         Rampage  .   (no gloves)
Will     .....                  g - +0 pair of boots
Stlth    +.........             (no amulet)
HPRegen  0.11/turn              (no ring)
MPRegen  0.08/turn              (no ring)

@: corroded
A: AC +5, unfitting armour, cold-blooded
a: Renounce Religion, Berserk, Trog's Hand


You were on level 2 of the Dungeon.
You worshipped Trog.
Trog was pleased with you.
You visited 1 branch of the dungeon, and saw 2 of its levels.

You collected 90 gold pieces.

Inventory:

Hand Weapons
 a - a +0 mace (weapon)
Missiles
 b - 54 stones
Armour
 g - a +0 pair of boots (worn)
Wands
 k - a wand of paralysis (7)
Scrolls
 c - a scroll of identify {unknown}
 j - a scroll of acquirement {unknown}
Potions
 d - a potion of invisibility {unknown}
 e - a potion of degeneration {unknown}
 f - a potion of resistance {unknown}
 h - a potion of heal wounds {unknown}
 i - a potion of magic {unknown}
 l - a potion of curing {unknown}


   Skills:
 + Level 3.8 Fighting
 * Level 3.9 Maces & Flails
 + Level 3.1 Dodging


You had 2 spell levels left.
You didn't know any spells.
Your spell library was empty.

Dungeon Overview and Level Annotations

Branches:
Dungeon (2/15)

Altars:


Innate Abilities, Weirdness & Mutations

Your plain brown scales are hard. (AC +5)
You cannot fit into any form of body armour.
You are cold-blooded and may be slowed by cold attacks.


Message History

b - 49 stones (gained 1)
You see here a +0 club.
l - a viscous amethyst potion You now have 90 gold pieces (gained 7).
You see here a +0 club.
There is an open door here.
You see here a +0 short sword.
b - 54 stones (gained 5)
Things that are here:
a +0 club; a +0 club 3 endoplasms come into view.
The endoplasm moves out of view.
Found a bat skeleton and a hobgoblin skeleton. 3 endoplasms and a jelly come into view.
The endoplasm quivers. x2
Found five items.
There is an open door here.
You hit the endoplasm.
The endoplasm is heavily wounded.
You hit the jelly.
Your hands burn!
The jelly is lightly wounded.
The jelly hits you. The acid corrodes you!
You are splashed with acid!
The endoplasm barely misses you.
You hit the endoplasm.
You kill the endoplasm!
Trog accepts your kill.
The endoplasm quivers.
The jelly closely misses you.
The endoplasm jiggles.
The endoplasm quivers.
You thump the jelly!
Your hands burn!
You tail-slap the jelly.
The jelly is severely wounded.
The jelly hits you. The acid corrodes you!
You are splashed with acid.
You hit the jelly.
Your hands burn!
* * * LOW HITPOINT WARNING * * *
The jelly is severely wounded.
The jelly hits you.
* * * LOW HITPOINT WARNING * * *
You are splashed with acid!
You die...

....##.# ##.....##
....##.# #.......#
.....#.. #.......#
.....##.# #.......#
.....# .. #.......#
#....###.# ####)...#
##.#
.#.......###).)....#
#..#
##...###.##.########
#..# ..#....#
##....@J## #..#
.....#.# #######J#
#..# .....#†#
÷P.P.J.J.##..# ##
.....#.#
.÷......÷##..########.
..####.#
.P.P....J##...........
.. #.#
.÷.P.J÷P.###.########.
## #.# .P.....J÷# #.#
#. ######.# $..÷.P÷..#
#.# #. .......#
########## #.# #.


You could see a jelly and an endoplasm.

Vanquished Creatures
  An adder (D:2)
  2 worms (D:2)
  A dart slug (D:1)
  5 ball pythons
  7 endoplasms
  A giant cockroach (D:1)
  A goblin (D:1)
  4 jackals (D:1)
  A quokka (D:1)
  2 bats (D:1)
  9 kobolds
  3 rats
37 creatures vanquished.

Vanquished Creatures (others)
  7 toadstools (D:2)
7 creatures vanquished.

Grand Total: 44 creatures vanquished

Notes
Turn   | Place    | Note
-------+----------+-------------------------------------------
     0 | D:1      | toffzen the Draconian Berserker began the quest for the
                  | Orb.
     0 | D:1      | Reached XP level 1. HP: 19/19 MP: 1/1
   237 | D:1      | Reached XP level 2. HP: 14/26 MP: 2/2
  1035 | D:2      | Reached XP level 3. HP: 20/33 MP: 3/3
  1357 | D:2      | Reached ** piety under Trog
  1520 | D:2      | Splashed by a jelly's acid

Illustrated notes

Levels and vault maps discovered:
D:1:      dpeg_arrival_pond, layout_rooms, grunt_decor_resistance
D:2:      cheibrodos_fertilizer, layout_basic, kennysheep_path_1,
          minmay_misc_feat_secret_circle

Skill      XL: |  1  2 |
---------------+-------+-----
Dodging        | 3 |  3.1
Fighting       | |  3.8
Maces & Flails | |  3.9

Action                   || total
-------------------------++-------
Melee: Mace              ||   100
       Tailslap          ||    15
Armor: Skin              ||    37
Dodge: Dodged            ||    57

Table legend: (Time is in decaauts)
 A = Elapsed time spent in this place.
 B = Non-inter-level travel time spent in this place.
 C = Inter-level travel time spent in this place.
 D = Time resting spent in this place.
 E = Time spent auto-exploring this place.
 F = Levels seen in this place.
 G = Mean time per level.
                   A        B        C        D        E       F      G
               +--------+--------+--------+--------+--------+-----+--------+
         Total |   1542 |   1520 |     22 |    481 |    717 |   2 |  771.0 |
       Dungeon |   1542 |   1520 |     22 |    481 |    717 |   2 |  771.0 |
               +--------+--------+--------+--------+--------+-----+--------+

Top non-repeatable levels by time:
     D:1: 935 daAuts
     D:2: 607 daAuts
